 Dungeon Crawl Stone Soup version 0.27-a0-577-ge2a43ba0c9 (webtiles) character file.

Game seed: 18306552223301810565

772 sahdkjhfkaj the Spear-Bearer (level 7, -5/56 HPs)
             Began as a Merfolk Warper on Mar 9, 2021.
             Was an Initiate of the Shining One.
             Slain by an iguana (9 damage)
             ... on level 4 of the Dungeon.
             The game lasted 00:07:06 (6836 turns).

sahdkjhfkaj the Spear-Bearer (Merfolk Warper)       Turns: 6836, Time: 00:07:07

Health: -5/56      AC: 11    Str: 13    XL:     7   Next: 83%
Magic:  10/10      EV:  5    Int: 12    God:    the Shining One [......]
Gold:   154        SH:  0    Dex: 16    Spells: 10/10 levels left

rFire    . . .     SeeInvis .   a - +0 spear
rCold    . . .     Faith    .   (no shield)
rNeg     . . .     Spirit   .   j - +0 plate armour
rPois    .         Reflect  .   (no helmet)
rElec    .         Harm     .   k - scarf {repulsion}
rCorr    .         Rampage  .   i - +0 pair of gloves
Will     .....                  (no boots)
Stlth    ..........             (no amulet)
HPRegen  0.00/turn              (no ring)
MPRegen  0.12/turn              (no ring)

@: glowing, repel missiles
A: change form in water, amphibious, repulsion field 1, agile 1, inhibited
regeneration, subdued magic 1, nimble swimmer 2
a: Renounce Religion


You were on level 4 of the Dungeon.
You worshipped the Shining One.
The Shining One was noncommittal.
You visited 2 branches of the dungeon, and saw 5 of its levels.

You collected 154 gold pieces.

Inventory:

Hand Weapons
 a - a +0 spear (weapon)
Missiles
 e - 3 boomerangs of dispersal (quivered)
Armour
 b - a +0 cloak
 i - a +0 pair of gloves (worn)
 j - a +0 plate armour (worn)
 k - a scarf of repulsion (worn)
Scrolls
 c - 2 scrolls of magic mapping
 d - a scroll of blinking
 f - 2 scrolls of enchant armour
 h - a scroll of immolation
 l - a scroll of fear
Potions
 g - a potion of degeneration {unknown}
 m - a potion of mutation


   Skills:
 - Level 5.0 Fighting
 + Level 10.3 Polearms
 - Level 1.0 Throwing
 - Level 0.6 Armour
 - Level 2.6 Dodging
 - Level 2.0 Shields
 - Level 2.0 Spellcasting
 - Level 2.4 Translocations


You had 10 spell levels left.
You didn't know any spells.
Your spell library contained the following spells:

 Spells                   Type           Power      Damage    Failure   Level
 Blink                    Tloc           N/A        N/A       100%        2
 Gell's Gravitas          Tloc           2%         N/A       100%        3
 Lesser Beckoning         Tloc           2%         N/A       100%        3
 Teleport Other           Tloc           5%         N/A       100%        3
 Manifold Assault         Tloc           5%         N/A       100%        4


Dungeon Overview and Level Annotations

Branches:
Dungeon (4/15)             Temple (1/1) D:4

Altars:
Ashenzari
Cheibriados
Elyvilon
Fedhas
Gozag
Hepliaklqana
Makhleb
Nemelex Xobeh
Qazlal
Ru
Sif Muna
Trog
Vehumet
Wu Jian
Xom
The Shining One

Annotations:
D:3 2 transporters, tinescath's ghost, amateur KoHu


Innate Abilities, Weirdness & Mutations

You revert to your normal form in water.
You are amphibious.
You are quick and stealthy while swimming. (Stealth+, EV+, Speed+++)
You are surrounded by a mild repulsion field. (EV +2)
You are agile. (Dex +2)
You do not regenerate when monsters are visible.
Your spells are a little easier to cast, but a little less powerful.


Message History

You closely miss the iguana.
The iguana is heavily wounded.
The iguana bites you.
You barely miss the iguana.
The iguana is heavily wounded.
You hit the iguana but do no damage.
The iguana is heavily wounded.
The iguana bites you!
* * * LOW HITPOINT WARNING * * *
You hit the iguana but do no damage.
The iguana is heavily wounded.
The iguana closely misses you.
You hit the iguana but do no damage.
The iguana is heavily wounded.
Unknown command.
Okay, then.
The iguana hisses menacingly.
You hit the iguana.
The iguana is heavily wounded.
The iguana bites you but does no damage.
You hit the iguana.
The iguana is heavily wounded.
You hit the iguana but do no damage.
The iguana is heavily wounded.
The iguana closely misses you.
You barely miss the iguana.
The iguana is heavily wounded.
The iguana bites you.
* * * LOW HITPOINT WARNING * * *
You hit the iguana but do no damage.
The iguana is heavily wounded.
You hit the iguana but do no damage.
The iguana is heavily wounded.
The iguana completely misses you.
You hit the iguana.
The iguana is severely wounded.
You hit the iguana but do no damage.
The iguana is severely wounded.
The iguana bites you!
You die...

### ..# #.# #.#
#############.#
#......@l.....#
#
#.#############
.# #.# ####.#
#.# .....# #.#
#....# #.#
#.#.## #.#
#.#.# ####.#
#...# #....#


You could see an iguana.

Vanquished Creatures
  Grinder (D:4)
  A hornet zombie (D:4)
  A centaur (D:3)
  2 ogres (D:4)
  A bullfrog zombie (D:3)
  A centaur skeleton (D:4)
  3 orc wizards
  2 adders
  3 worms
  4 dart slugs
  A leopard gecko (D:1)
  6 orcs
  9 bats
  10 giant cockroaches
  9 goblins
  4 hobgoblins
  3 jackals (D:1)
  6 kobolds
  3 quokkas
  A ball python (D:1)
  6 frilled lizards
  2 quokka skeletons
  9 rats
88 creatures vanquished.

Vanquished Creatures (others)
  2 plants (D:3)
2 creatures vanquished.

Grand Total: 90 creatures vanquished

Notes
Turn   | Place    | Note
-------+----------+-------------------------------------------
     0 | D:1      | sahdkjhfkaj the Merfolk Warper began the quest for the Orb.
     0 | D:1      | Reached XP level 1. HP: 16/16 MP: 3/3
   358 | D:1      | Reached skill level 4 in Polearms
   358 | D:1      | Reached XP level 2. HP: 20/22 MP: 5/5
   771 | D:1      | Reached skill level 5 in Polearms
   771 | D:1      | Reached XP level 3. HP: 20/27 MP: 6/6
  1664 | D:2      | Reached skill level 6 in Polearms
  1697 | D:2      | Reached skill level 1 in Shields
  1697 | D:2      | Reached XP level 4. HP: 22/33 MP: 7/7
  2062 | D:2      | Reached skill level 7 in Polearms
  2278 | D:2      | Reached XP level 5. HP: 38/38 MP: 8/8
  2559 | D:3      | Noticed a centaur
  2574 | D:3      | Gained mutation: Your spells are a little easier to cast,
                  | but a little less powerful. [potion of mutation]
  2574 | D:3      | Gained mutation: You do not regenerate when monsters are
                  | visible. [potion of mutation]
  2574 | D:3      | Gained mutation: You are surrounded by a mild repulsion
                  | field. (EV +2) [potion of mutation]
  2574 | D:3      | Gained mutation: You are agile. (Dex +2) [potion of
                  | mutation]
  2580 | D:3      | Killed a centaur
  2581 | D:3      | Reached skill level 8 in Polearms
  2883 | D:3      | Found a transporter.
  2884 | D:3      | Noticed tinescath's ghost (amateur KoHu)
  3345 | D:3      | Reached XP level 6. HP: 31/44 MP: 9/9
  3601 | D:3      | Found a transporter.
  4179 | D:4      | Reached skill level 9 in Polearms
  5614 | D:4      | Reached XP level 7. HP: 32/54 MP: 10/10
  5760 | D:4      | Found a staircase to the Ecumenical Temple.
  5788 | Temple   | Entered the Ecumenical Temple
  6046 | Temple   | Became a worshipper of the Shining One
  6145 | D:4      | Reached skill level 10 in Polearms
  6494 | D:4      | Noticed Grinder
  6520 | D:4      | Killed Grinder
  6521 | D:4      | Reached skill level 5 in Fighting
  6836 | D:4      | Slain by an iguana

Illustrated notes

Levels and vault maps discovered:
D:1:      dpeg_arrival_refuge, layout_basic
D:2:      layout_loops_ring, minmay_worlds_worst_comb
D:3:      layout_loops_corners, serial_forest, infiniplex_forest_end_2,
          infiniplex_forest_split, infiniplex_forest_lined_ring,
          infiniplex_forest_clump_curved, gammafunk_ghost_mausoleum
D:4:      layout_loops_ring, minmay_temple_entry_grid, uniq_grinder
Temple:   nicolae_temple_elliptical

Skill      XL: |  1  2  3  4  5  6  7 |
---------------+----------------------+-----
Polearms       | 4 5 6 7 8 9 10 | 10.3
Shields        | 1 2 |  2.0
Fighting       | 4 5 |  5.0
Throwing       | |  1.0
Armour         | |  0.6
Dodging        | |  2.6
Spellcasting   | |  2.0
Translocations | |  2.4

Action                   |  1- 3 |  4- 6 |  7- 9 || total
-------------------------+-------+-------+-------++-------
Melee: Spear             |   195 |   233 |    93 ||   521
       Unarmed           |       |     7 |       ||     7
Throw: Boomerang         |     1 |     1 |       ||     2
  Use: Potion            |       |     5 |       ||     5
       Scroll            |       |     5 |       ||     5
 Stab: Sleeping          |     1 |       |       ||     1
Armor: Leather armour    |    11 |       |       ||    11
       Scale mail        |    13 |       |       ||    13
       Plate armour      |    50 |   117 |    30 ||   197
       Skin              |       |     7 |       ||     7
Dodge: Dodged            |    56 |    32 |    19 ||   107

Table legend: (Time is in decaauts)
 A = Elapsed time spent in this place.
 B = Non-inter-level travel time spent in this place.
 C = Inter-level travel time spent in this place.
 D = Time resting spent in this place.
 E = Time spent auto-exploring this place.
 F = Levels seen in this place.
 G = Mean time per level.
                   A        B        C        D        E       F      G
               +--------+--------+--------+--------+--------+-----+--------+
         Total |   6690 |   6500 |    190 |    361 |   5220 |   5 | 1338.0 |
       Dungeon |   6390 |   6258 |    132 |    361 |   4981 |   4 | 1597.5 |
        Temple |    299 |    241 |     58 |      0 |    239 |   1 |  299.0 |
               +--------+--------+--------+--------+--------+-----+--------+

Top non-repeatable levels by time:
     D:3: 2883 daAuts
     D:1: 1371 daAuts
     D:4: 1069 daAuts
     D:2: 1066 daAuts
  Temple: 299 daAuts
